 Dungeon Crawl Stone Soup version 0.30-a0-121-gb27577e5d9 (webtiles) character file.

Game seed: 1385533409600725281

35 Ofeo the Sneak (level 3, -13/31 HPs)
             Began as a Palentonga Delver on Sept 15, 2022.
             Mangled by an ice beast (14 damage)
             ... on level 5 of the Dungeon.
             The game lasted 00:01:11 (529 turns).

Ofeo the Sneak (Palentonga Delver)                   Turns: 529, Time: 00:01:12

Health: -13/31     AC:  4    Str: 19    XL:     3   Next: 16%
Magic:  3/3        EV:  9    Int: 10    God:
Gold:   18         SH:  0    Dex: 11    Spells: 2/2 levels left

rFire   . . .      SeeInvis +    a - +0 mace
rCold   . . .      Faith    .    (no shield)
rNeg    . . .      Spirit   .    b - +0 leather armour
rPois   .          Reflect  .    (no helmet)
rElec   .          Harm     .    (no cloak)
rCorr   .          Rampage  .    (no gloves)
Will    .....                    (no barding)
Stlth   +.........               (no amulet)
HPRegen 0.10/turn                (no ring)
MPRegen 0.08/turn                (no ring)

@: confused
A: large, rugged brown scales 3, see invisible, deformed body, roll 1, armoured
tail
a: Rolling Charge


You were on level 5 of the Dungeon.
You visited 1 branch of the dungeon, and saw 2 of its levels.

You collected 18 gold pieces.

Inventory:

Hand Weapons
 a - a +0 mace (weapon)
Armour
 b - a +0 leather armour (worn)
Wands
 g - a wand of digging (3) {@v1}
Scrolls
 c - a scroll of fog
 d - a scroll of magic mapping
 e - a scroll of fear
Potions
 f - a potion of haste {@q3}
 i - a potion of brilliance {unknown}
 q - a potion of curing {@q1}


   Skills:
 + Level 3.3 Fighting
 + Level 2.4 Maces & Flails
 + Level 2.0 Dodging
 + Level 3.5 Stealth


You had 2 spell levels left.
You didn't know any spells.
Your spell library was empty.

Dungeon Overview and Level Annotations

Branches:
Dungeon (5/15)
 Temple: D:4-7

Altars:
Kikubaaqudgha
Uskayaw

Annotations:
D:4 Dowan, Duvessa


Innate Abilities, Weirdness & Mutations

You are completely covered in rugged brown scales. (AC +3, +7% HP)
You have supernaturally acute eyesight. (SInv)
Armour fits poorly on your strangely shaped body.
You can roll at nearby foes to attack.
You have a long armoured tail.


Message History

You hit the orc wizard but do no damage.
The orc wizard points at you and mumbles some strange words.
You resist with significant effort.
You hit the orc wizard.
The orc wizard is heavily wounded.
The orc wizard hits you but does no damage. x2
You hit the orc wizard.
The orc wizard is heavily wounded.
The orc wizard closely misses you.
You hit the orc wizard.
The orc wizard is severely wounded.
The orc wizard mumbles some strange words.
The orc wizard flickers and vanishes for a moment.
You hit the orc wizard but do no damage.
The orc wizard is severely wounded.
The orc wizard points at you and mumbles some strange words.
The puff of flame hits you!
You take 7 damage, and have 21/31 hp.
MASSIVE DAMAGE!!
You hit the orc wizard.
The orc wizard is almost dead.
The orc wizard casts a spell at you.
You are confused.
The orc wizard casts a spell at you.
You are more confused.
You bump into the rock wall.
You closely miss the orc wizard.
The orc wizard is almost dead.
The orc wizard barely misses you. The ice beast closely misses you.
You hit the orc wizard but do no damage.
The orc wizard is almost dead.
The orc wizard hits you with a +0 dagger.
The ice beast hits you. The ice beast freezes you!
* * * LOW HITPOINT WARNING * * *
You take 19 damage, and have 2/31 hp.
MASSIVE DAMAGE!!
You're too confused to move!
The orc wizard hits you but does no damage.
The ice beast hits you.
* * * LOW HITPOINT WARNING * * *
The ice beast freezes you!
You die...

..... .....
....°######.....
....○...........
.°.....○...Y....
................
....[.°...o.....
.......o..o..... ###
#+####Y#########...
#.o@°........#
#○........°..#
#......○○.°..#
#.°°°........#
#.......°....#
.#######.○°###..○..#
....
.......#...###.....###
....
.......'○..°.#........
....
.......#.....#........


You could see an ice beast, an orc wizard (invisible) and an orc.

Vanquished Creatures
  An orc wizard (D:5)
  An ufetubus (D:5)
  2 orcs (D:5)
4 creatures vanquished.

Notes
Turn   | Place    | Note
-------+----------+-------------------------------------------
     0 | D:5      | Ofeo the Palentonga Delver began the quest for the Orb.
     0 | D:5      | Reached XP level 1. HP: 19/19 MP: 1/1
     4 | D:5      | Noticed a +0 dagger
     5 | D:5      | Noticed a +0 falchion
     5 | D:5      | Noticed a +0 dagger
     6 | D:5      | Noticed a +0 short sword
     7 | D:5      | Noticed a +0 spear
     7 | D:5      | Noticed a +0 falchion
     8 | D:5      | Noticed a +0 spear
     8 | D:5      | Noticed a +0 short sword
    11 | D:5      | Found a hide-covered altar of Uskayaw.
   190 | D:5      | Found an ancient bone altar of Kikubaaqudgha.
   209 | D:4      | Noticed Duvessa
   209 | D:4      | Noticed Dowan
   250 | D:5      | Noticed an orc wizard
   259 | D:5      | Reached XP level 2. HP: 23/25 MP: 2/2
   274 | D:5      | Reached XP level 3. HP: 20/31 MP: 3/3
   510 | D:5      | Noticed an ice beast
   529 | D:5      | HP: 1/31 [ice beast (1)]
   529 | D:5      | Mangled by an ice beast

Illustrated notes

Levels and vault maps discovered:
D:4:      layout_basic, okawaru_trees_2, nicolae_hepliaklqana_hippocampus,
          minivault_4, ebering_dispersal_statue_hall, grunt_decor_junction,
          uniq_duvessa
D:5:      layout_gridville, mainiacjoe_overflow_surrounded_room,
          nicolae_uskayaw_en_pointe, minmay_temple_entry_gardened_gates,
          serial_shops, nicolae_shop_overgrown_old_shop

Skill      XL: |  1  2 |
---------------+-------+-----
Dodging        | 2 |  2.0
Fighting       | |  3.3
Maces & Flails | |  2.4
Stealth        | |  3.5

Action                   || total
-------------------------++-------
Melee: Mace              ||    35
       Tailslap          ||     3
       Punch             ||     1
 Abil: Rolling Charge    ||     2
  Use: Potion            ||     1
       Scroll            ||     1
Armor: Leather armour    ||    11
Dodge: Dodged            ||    12

Table legend: (Time is in decaauts)
 A = Elapsed time spent in this place.
 B = Non-inter-level travel time spent in this place.
 C = Inter-level travel time spent in this place.
 D = Time resting spent in this place.
 E = Time spent auto-exploring this place.
 F = Levels seen in this place.
 G = Mean time per level.
                   A        B        C        D        E       F      G
               +--------+--------+--------+--------+--------+-----+--------+
         Total |    539 |    539 |      0 |    359 |      0 |   2 |  269.5 |
       Dungeon |    539 |    539 |      0 |    359 |      0 |   2 |  269.5 |
               +--------+--------+--------+--------+--------+-----+--------+

Top non-repeatable levels by time:
     D:5: 537 daAuts
     D:4: 1 daAuts
